 Dungeon Crawl Stone Soup version 0.28-a0-1312-g71652a0310 (webtiles) character file.

Game seed: 16085156486074168057

121 bande the Shield-Bearer (level 5, -3/33 HPs)
             Began as a Gargoyle Fighter on Dec 28, 2021.
             Slain by a gnoll (6 damage)
             ... on level 2 of the Dungeon.
             The game lasted 00:03:30 (2320 turns).

bande the Shield-Bearer (Gargoyle Fighter)          Turns: 2320, Time: 00:03:30

Health: -3/33      AC: 13    Str: 20    XL:     5   Next: 5%
Magic:  5/5        EV:  7    Int:  8    God:
Gold:   78         SH:  5    Dex: 11    Spells: 4/4 levels left

rFire   . . .      SeeInvis .   a - +0 war axe
rCold   . . .      Faith    .   c - +1 buckler
rNeg    + . .      Spirit   .   i - +0 chain mail
rPois   ∞          Reflect  .   (no helmet)
rElec   +          Harm     .   (no cloak)
rCorr   .          Rampage  .   (no gloves)
Will    .....                   (no boots)
Stlth   ..........              (no amulet)
HPRegen 0.11/turn               (no ring)
MPRegen 0.09/turn               (no ring)

@: no status effects
A: sickness immunity, AC +4, negative energy resistance 1, electricity
resistance, torment resistance 1, petrification resistance, screaming 1
a: no special abilities


You were on level 2 of the Dungeon.
You visited 1 branch of the dungeon, and saw 3 of its levels.

You collected 78 gold pieces.

Inventory:

Hand Weapons
 a - a +0 war axe (weapon)
 g - a +0 war axe
 h - a +0 spear
 l - a +1 mace of draining
Armour
 c - a +1 buckler (worn)
 i - a +0 chain mail (worn)
Jewellery
 e - an amulet of the acrobat
Potions
 b - a potion of curing
 d - a potion of might
 k - a potion of attraction {unknown}
 m - 2 potions of cancellation
 n - a potion of invisibility {unknown}


   Skills:
 + Level 4.0 Fighting
 + Level 3.0 Axes
 + Level 4.0 Armour
 + Level 4.1 Shields


You had 4 spell levels left.
You didn't know any spells.
Your spell library was empty.

Dungeon Overview and Level Annotations

Branches:
Dungeon (3/15)

Altars:


Innate Abilities, Weirdness & Mutations

You are immune to sickness and miasma.
Your stone body is resilient. (AC +4)
You are immune to poison.
You resist negative energy. (rN+)
You are resistant to electric shocks. (rElec)
You are resistant to unholy torment.
You are immune to petrification.
You occasionally shout uncontrollably at your foes.


Message History

You barely miss the gnoll.
The gnoll is severely wounded.
The gnoll hits you but does no damage. x2
You hit the gnoll but do no damage.
The gnoll is severely wounded.
The gnoll barely misses you.
You hit the gnoll but do no damage.
The gnoll is severely wounded.
The gnoll hits you but does no damage.
You hit the gnoll but do no damage.
The gnoll is severely wounded.
The gnoll hits you but does no damage. The gnoll completely misses you.
You closely miss the gnoll.
The gnoll is severely wounded.
The gnoll hits you with a +0 spear.
* * * LOW HITPOINT WARNING * * *
You completely miss the gnoll.
The gnoll is heavily wounded.
The gnoll hits you but does no damage.
You hit the gnoll but do no damage.
The gnoll is heavily wounded.
The gnoll hits you but does no damage. The gnoll completely misses you.
You slash the gnoll!
You kill the gnoll!
A gnoll comes into view. It is wielding a +0 whip.
You have reached level 5!
A gnoll comes into view. It is wielding a +0 spear.
A gnoll comes into view. It is wielding a +0 flail.
The gnoll hits you but does no damage.
There is an escape hatch in the ceiling here.
The gnoll barely misses you. A mysterious force pulls you upwards.
The hatch slams shut behind you.
You hit the gnoll.
The gnoll is lightly wounded.
The gnoll hits you with a +0 flail!
* * * LOW HITPOINT WARNING * * *
You barely miss the gnoll.
The gnoll is lightly wounded.
The gnoll hits you with a +0 flail.
You die...

#.#.........#.### #.....
#.####.#..#.#...# #.....
#.......##....#.# #.....
#†.......#....#.# ######
#........#....#.#########
##.......#....#.#.......#
#.......#....#.#.......###
#......##....#.#.........#
#......##....#@g.........#
#......##................#
#......########..........#
######## #...####...#
##### #...# #...# #...#
#...# #####


You could see a gnoll.

Vanquished Creatures
  Jessica (D:3)
  2 adders (D:2)
  2 gnolls
  2 worms (D:2)
  A dart slug (D:2)
  An orc (D:3)
  2 bats (D:2)
  5 endoplasms
  2 giant cockroaches (D:1)
  8 goblins
  4 hobgoblins
  4 jackals (D:1)
  2 kobolds
  A quokka (D:1)
  4 ball pythons (D:1)
  4 frilled lizards
  A rat (D:3)
46 creatures vanquished.

Notes
Turn   | Place    | Note
-------+----------+-------------------------------------------
     0 | D:1      | bande the Gargoyle Fighter began the quest for the Orb.
     0 | D:1      | Reached XP level 1. HP: 14/14 MP: 1/1
   201 | D:1      | Found a faded altar of an unknown god.
   212 | D:1      | Reached XP level 2. HP: 19/19 MP: 2/2
   604 | D:1      | Reached XP level 3. HP: 21/23 MP: 3/3
  1512 | D:2      | Reached XP level 4. HP: 22/29 MP: 4/4
  1948 | D:3      | Gained mutation: You occasionally shout uncontrollably at
                  | your foes. [potion of mutation]
  1950 | D:3      | Noticed Jessica
  1964 | D:3      | Killed Jessica
  2304 | D:3      | Reached XP level 5. HP: 9/33 MP: 5/5
  2320 | D:2      | Slain by a gnoll

Illustrated notes

Levels and vault maps discovered:
D:1:      dpeg_arrival_simpleton_a, layout_basic,
          nicolae_ecumenical_snake_handling, minmay_pentomino_w4
D:2:      layout_basic, chequers_serial_rivers_micro_d
D:3:      minmay_thinvault, layout_basic, mainiacjoe_overflow_catwalk,
          grunt_decor_one_mirror, uniq_jessica, uniq_ijyb

Skill      XL: |  1  2  3  4 |
---------------+-------------+-----
Axes           | 2 3 |  3.0
Shields        | 4 |  4.1
Armour         | 4 |  4.0
Fighting       | 4 |  4.0

Action                   |  1- 3 |  4- 6 || total
-------------------------+-------+-------++-------
Melee: War axe           |    80 |    79 ||   159
  Use: Scroll            |     4 |     2 ||     6
       Potion            |       |     1 ||     1
Armor: Scale mail        |     9 |       ||     9
       Chain mail        |    47 |    41 ||    88
Dodge: Dodged            |    52 |    19 ||    71
Block: Buckler           |    22 |    20 ||    42

Table legend: (Time is in decaauts)
 A = Elapsed time spent in this place.
 B = Non-inter-level travel time spent in this place.
 C = Inter-level travel time spent in this place.
 D = Time resting spent in this place.
 E = Time spent auto-exploring this place.
 F = Levels seen in this place.
 G = Mean time per level.
                   A        B        C        D        E       F      G
               +--------+--------+--------+--------+--------+-----+--------+
         Total |   2380 |   2380 |      0 |    255 |   1668 |   3 |  793.3 |
       Dungeon |   2380 |   2380 |      0 |    255 |   1668 |   3 |  793.3 |
               +--------+--------+--------+--------+--------+-----+--------+

Top non-repeatable levels by time:
     D:1: 1304 daAuts
     D:2: 675 daAuts
     D:3: 399 daAuts
